[Event "VI Sunway Sitges Open 2019"]
[Site "Sitges"]
[Date "2019.12.17"]
[Round "5.9"]
[White "Puranik, Abhimanyu"]
[Black "Song, Raymond"]
[Result "1-0"]
[ECO "B11"]
[WhiteElo "2580"]
[BlackElo "2468"]
[Annotator "ChessBase"]
[PlyCount "65"]
[EventDate "2019.12.13"]
[EventType "swiss"]
[EventCountry "ESP"]
[SourceTitle "playchess.com"]
[Source "ChessBase"]
[SourceQuality "1"]
[TimeControl "40/5400+30:1800+30"]

1. e4 c6 2. Nf3 d5 3. Nc3 Bg4 4. h3 Bxf3 5. Qxf3 e6 6. Be2 Nd7 7. O-O Bc5 8. d3 Ngf6 9. Rd1 Bd4 10. Qf4 O-O 11. exd5 Bxc3 12. bxc3 Nxd5 13. Qd2 Qf6 14. d4 b5 15. c4 bxc4 16. Bxc4 Rfd8 17. Bf1 e5 18. Bb2 e4 19. c4 Nf4 20. Qe3 Rab8 21. Bc3 Nd3 22. Bxd3 exd3 23. Rxd3 Nb6 24. d5 Qg6 25. Qe2 Re8 26. Qd1 f6 27. dxc6 Nxc4 28. c7 Rbc8 29. Rd8 Nb6 30. Rxc8 Rxc8 31. Qd8+ Qe8 32. Rd1 Kf7 33. Ba5 1-0

[Event "VI Sunway Sitges Open 2019"]
[Site "Sitges"]
[Date "2019.12.17"]
[Round "5.10"]
[White "Gordon, Stephen J"]
[Black "Gukesh D"]
[Result "1/2-1/2"]
[ECO "E97"]
[WhiteElo "2495"]
[BlackElo "2547"]
[Annotator "ChessBase"]
[PlyCount "131"]
[EventDate "2019.12.13"]
[EventType "swiss"]
[EventCountry "ESP"]
[SourceTitle "playchess.com"]
[Source "ChessBase"]
[SourceQuality "1"]
[TimeControl "40/5400+30:1800+30"]

1. c4 Nf6 2. Nc3 g6 3. e4 d6 4. d4 Bg7 5. Nf3 O-O 6. Be2 e5 7. O-O Nc6 8. d5 Ne7 9. b4 Nh5 10. Re1 f5 11. Ng5 Nf6 12. Bf3 Kh8 13. Bb2 Ne8 14. Qd2 f4 15. Bd1 Bf6 16. Ne6 Bxe6 17. dxe6 Ng7 18. Nd5 Nxe6 19. Nxf6 Rxf6 20. Bg4 Nd4 21. Bxd4 exd4 22. e5 dxe5 23. Rxe5 Nc6 24. Rd5 Rd6 25. Qxf4 Qf8 26. Qd2 Rxd5 27. cxd5 Nxb4 28. Rb1 a5 29. a3 Nxd5 30. Qxd4+ Nf6 31. Rxb7 Re8 32. g3 Qd6 33. Qxd6 cxd6 34. Bf3 Re5 35. Rf7 Ne4 36. Rd7 Nd2 37. Bc6 Nc4 38. a4 Rc5 39. Bb5 d5 40. Kf1 Nd2+ 41. Ke2 Nb3 42. Kd3 Nc1+ 43. Kd4 Nb3+ 44. Kd3 Nc1+ 45. Kd4 Nb3+ 46. Ke5 d4+ 47. Rd5 Rc8 48. f4 Kg7 49. Rd7+ Kh8 50. g4 Re8+ 51. Kf6 Rf8+ 52. Kg5 Nc5 53. Re7 Rd8 54. Kh6 Kg8 55. Rg7+ Kf8 56. Rxh7 d3 57. Rh8+ Ke7 58. Rxd8 Kxd8 59. f5 d2 60. Be2 gxf5 61. gxf5 Nxa4 62. f6 Nc5 63. Bd1 a4 64. Bxa4 Nxa4 65. f7 d1=Q 66. f8=Q+ 1/2-1/2

[Event "VI Sunway Sitges Open 2019"]
[Site "Sitges"]
[Date "2019.12.17"]
[Round "5.11"]
[White "Erenberg, Ariel"]
[Black "Nasuta, Grzegorz"]
[Result "0-1"]
[ECO "A21"]
[WhiteElo "2479"]
[BlackElo "2545"]
[Annotator "ChessBase"]
[PlyCount "76"]
[EventDate "2019.12.13"]
[EventType "swiss"]
[EventCountry "ESP"]
[SourceTitle "playchess.com"]
[Source "ChessBase"]
[SourceQuality "1"]
[TimeControl "40/5400+30:1800+30"]

1. c4 e5 2. g3 g6 3. Bg2 Bg7 4. Nc3 d6 5. d3 c6 6. e3 Be6 7. Nge2 Ne7 8. O-O O-O 9. b3 f5 10. Bb2 Na6 11. Qd2 Nc7 12. Rac1 Bf7 13. b4 d5 14. cxd5 cxd5 15. Na4 Nb5 16. Nc5 b6 17. Nb3 Rc8 18. Rxc8 Qxc8 19. f4 d4 20. Rc1 Qa6 21. Ba1 dxe3 22. Qb2 Nd5 23. Bxd5 Bxd5 24. fxe5 Ba8 25. Nbd4 Nxd4 26. Nxd4 Qxd3 27. Qb3+ Qxb3 28. Nxb3 g5 29. Nd4 Bd5 30. e6 f4 31. gxf4 gxf4 32. e7 Re8 33. Ne2 f3 34. Nf4 Bf7 35. Bxg7 Kxg7 36. Rc7 Kf6 37. Rxa7 Rg8+ 38. Kh1 f2 0-1

[Event "VI Sunway Sitges Open 2019"]
[Site "Sitges"]
[Date "2019.12.17"]
[Round "5.18"]
[White "Heimann, Andreas"]
[Black "Karthik Venkataraman"]
[Result "1-0"]
[ECO "E90"]
[WhiteElo "2617"]
[BlackElo "2470"]
[Annotator "ChessBase"]
[PlyCount "59"]
[EventDate "2019.12.13"]
[EventType "swiss"]
[EventCountry "ESP"]
[SourceTitle "playchess.com"]
[Source "ChessBase"]
[SourceQuality "1"]
[TimeControl "40/5400+30:1800+30"]

1. d4 Nf6 2. c4 c5 3. d5 g6 4. Nc3 Bg7 5. e4 d6 6. h3 O-O 7. Nf3 e6 8. Bd3 Nbd7 9. Be3 a6 10. a4 exd5 11. exd5 Re8 12. O-O Nh5 13. Re1 Ne5 14. Be2 Bd7 15. Qd2 Nxf3+ 16. Bxf3 Nf6 17. Bg5 Qb6 18. a5 Rxe1+ 19. Rxe1 Qxa5 20. Qf4 Qd8 21. Qxd6 h6 22. Bxf6 Bxf6 23. Qxc5 Rc8 24. Qb4 a5 25. Qxb7 Rxc4 26. d6 Rb4 27. Qc7 Qxc7 28. dxc7 Bxc3 29. Re7 Bf5 30. g4 1-0

[Event "VI Sunway Sitges Open 2019"]
[Site "Sitges"]
[Date "2019.12.17"]
[Round "5.19"]
[White "Yankelevich, Lev"]
[Black "Petrosyan, Manuel"]
[Result "1/2-1/2"]
[ECO "D85"]
[WhiteElo "2472"]
[BlackElo "2613"]
[Annotator "ChessBase"]
[PlyCount "28"]
[EventDate "2019.12.13"]
[EventType "swiss"]
[EventCountry "ESP"]
[SourceTitle "playchess.com"]
[Source "ChessBase"]
[SourceQuality "1"]
[TimeControl "40/5400+30:1800+30"]

1. d4 Nf6 2. c4 g6 3. Nc3 d5 4. cxd5 Nxd5 5. e4 Nxc3 6. bxc3 Bg7 7. Nf3 c5 8. Be3 Qa5 9. Nd2 Bd7 10. Nb3 Qxc3+ 11. Bd2 Qb2 12. Bc1 Qc3+ 13. Bd2 Qb2 14. Bc1 Qc3+ 1/2-1/2

[Event "VI Sunway Sitges Open 2019"]
[Site "Sitges"]
[Date "2019.12.17"]
[Round "5.20"]
[White "Nihal Sarin"]
[Black "Diaz Camallonga, Carles"]
[Result "1-0"]
[ECO "D31"]
[WhiteElo "2612"]
[BlackElo "2468"]
[Annotator "ChessBase"]
[PlyCount "105"]
[EventDate "2019.12.13"]
[EventType "swiss"]
[EventCountry "ESP"]
[SourceTitle "playchess.com"]
[Source "ChessBase"]
[SourceQuality "1"]
[TimeControl "40/5400+30:1800+30"]

1. d4 e6 2. c4 d5 3. Nc3 Be7 4. cxd5 exd5 5. Bf4 c6 6. Qc2 g6 7. e3 Bf5 8. Bd3 Bxd3 9. Qxd3 Nf6 10. Nge2 Na6 11. O-O O-O 12. Rad1 Nb4 13. Qb1 Nh5 14. Be5 f6 15. Bg3 a5 16. a3 Na6 17. e4 f5 18. exf5 gxf5 19. Be5 Bd6 20. f4 Bxe5 21. fxe5 Qg5 22. Rd3 Nc7 23. Nf4 Kh8 24. Nce2 Rg8 25. Rf2 Nxf4 26. Nxf4 Raf8 27. Qe1 Qe7 28. Qxa5 Ne6 29. Nxe6 Qxe6 30. Qd2 Rg4 31. Rdf3 Re4 32. h3 c5 33. dxc5 Qxe5 34. Rf4 Kg8 35. g3 d4 36. b4 Rf7 37. Kh2 Qd5 38. Qa2 Qxa2 39. Rxa2 d3 40. Kg2 Rd7 41. Rd2 Rxf4 42. gxf4 Kf8 43. Kf3 Rd4 44. Ke3 Re4+ 45. Kxd3 Rxf4 46. Ke3 Rh4 47. Rd7 Ke8 48. Rxb7 Rxh3+ 49. Kd4 Rxa3 50. c6 Kd8 51. Rxh7 f4 52. Kc5 Rc3+ 53. Kb6 1-0

[Event "VI Sunway Sitges Open 2019"]
[Site "Sitges"]
[Date "2019.12.17"]
[Round "5.21"]
[White "Salgado Lopez, Ivan"]
[Black "Parvanyan, Ashot"]
[Result "1/2-1/2"]
[ECO "A48"]
[WhiteElo "2605"]
[BlackElo "2456"]
[Annotator "ChessBase"]
[PlyCount "61"]
[EventDate "2019.12.13"]
[EventType "swiss"]
[EventCountry "ESP"]
[SourceTitle "playchess.com"]
[Source "ChessBase"]
[SourceQuality "1"]
[TimeControl "40/5400+30:1800+30"]

1. Nf3 Nf6 2. d4 g6 3. Bg5 Bg7 4. Nbd2 O-O 5. c3 d6 6. e4 h6 7. Be3 e5 8. dxe5 dxe5 9. h3 Qe7 10. Be2 Nh5 11. g3 Nd7 12. Nh2 Nhf6 13. Qc2 a5 14. a4 Nc5 15. Ng4 Kh7 16. Nxf6+ Bxf6 17. h4 Bg7 18. h5 g5 19. Nb3 Nxb3 20. Qxb3 b6 21. g4 Be6 22. Qb5 Rfd8 23. f3 Qd7 24. Qxd7 Rxd7 25. Bb5 Rd6 26. Rh2 Bf8 27. Rd2 Kg7 28. Rxd6 Bxd6 29. Rd1 Rd8 30. Be2 Bb3 31. Ra1 1/2-1/2

[Event "VI Sunway Sitges Open 2019"]
[Site "Sitges"]
[Date "2019.12.17"]
[Round "5.22"]
[White "Svane, Rasmus"]
[Black "Haldorsen, Benjamin"]
[Result "1/2-1/2"]
[ECO "A75"]
[WhiteElo "2597"]
[BlackElo "2455"]
[Annotator "ChessBase"]
[PlyCount "106"]
[EventDate "2019.12.13"]
[EventType "swiss"]
[EventCountry "ESP"]
[SourceTitle "playchess.com"]
[Source "ChessBase"]
[SourceQuality "1"]
[TimeControl "40/5400+30:1800+30"]

1. d4 Nf6 2. c4 c5 3. d5 e6 4. Nc3 exd5 5. cxd5 d6 6. e4 g6 7. Nf3 a6 8. a4 Bg4 9. Be2 Bxf3 10. Bxf3 Bg7 11. Bf4 O-O 12. O-O Ne8 13. a5 Nd7 14. Re1 Be5 15. Bxe5 Nxe5 16. Be2 g5 17. Qb3 Rb8 18. Nd1 Ng7 19. Ne3 f5 20. exf5 Nxf5 21. Nxf5 Rxf5 22. Rf1 Rf4 23. Ra4 b5 24. axb6 Rxb6 25. Qa3 Rxa4 26. Qxa4 Rxb2 27. Bxa6 Qa8 28. Qa3 Rb6 29. Ra1 Qxd5 30. Bf1 Rb8 31. Qg3 Kh8 32. Qh3 Rf8 33. Qc3 Qf7 34. Qc2 Qf5 35. Qe2 Ng6 36. Rd1 d5 37. Qb2+ d4 38. Bd3 Qg4 39. f3 Qe6 40. Qb7 c4 41. Be4 d3 42. Qb4 Kg7 43. Qc5 Rc8 44. Qxg5 Qb6+ 45. Kh1 Qd4 46. Qg4 Rc5 47. h3 Ra5 48. Bxd3 Qxg4 49. hxg4 cxd3 50. Rxd3 Ra2 51. Rd7+ Kh6 52. g5+ Kxg5 53. Rxh7 Nf4 1/2-1/2

[Event "VI Sunway Sitges Open 2019"]
[Site "Sitges"]
[Date "2019.12.17"]
[Round "5.23"]
[White "Real De Azua, Ernesto"]
[Black "Liang, Awonder"]
[Result "0-1"]
[ECO "E52"]
[WhiteElo "2450"]
[BlackElo "2593"]
[Annotator "ChessBase"]
[PlyCount "98"]
[EventDate "2019.12.13"]
[EventType "swiss"]
[EventCountry "ESP"]
[SourceTitle "playchess.com"]
[Source "ChessBase"]
[SourceQuality "1"]
[TimeControl "40/5400+30:1800+30"]

1. d4 Nf6 2. c4 e6 3. Nc3 Bb4 4. e3 O-O 5. Bd3 d5 6. Nf3 b6 7. cxd5 exd5 8. O-O Bb7 9. a3 Bd6 10. b4 Nbd7 11. Qb3 a6 12. a4 Re8 13. Ba3 Ne4 14. b5 axb5 15. axb5 Ndf6 16. Bxd6 Qxd6 17. h3 Qe7 18. Qb2 h6 19. Rxa8 Rxa8 20. Ra1 Rxa1+ 21. Qxa1 Qb4 22. Ne2 Qb3 23. Ne5 Nd6 24. Qc1 Nfe8 25. Qc3 Qa4 26. Qb2 Nc4 27. Nxc4 dxc4 28. Nc3 Qa8 29. Bf1 Nd6 30. f3 Qd8 31. e4 Qg5 32. Kf2 Qf4 33. Ke2 Qh2 34. Qd2 Bc8 35. Ke1 Bd7 36. g4 Qg3+ 37. Qf2 Qf4 38. Ne2 Qg5 39. e5 Nxb5 40. f4 Qe7 41. Qe3 Qb4+ 42. Kf2 c3 43. f5 c2 44. d5 Qb2 45. e6 Be8 46. Qc1 Qb3 47. Bg2 Nc3 48. Nxc3 Qxc3 49. Be4 Qd4+ 0-1

[Event "VI Sunway Sitges Open 2019"]
[Site "Sitges"]
[Date "2019.12.17"]
[Round "5.24"]
[White "Martin Duque, Jesus"]
[Black "Wagner, Dennis"]
[Result "0-1"]
[ECO "C77"]
[WhiteElo "2430"]
[BlackElo "2578"]
[Annotator "ChessBase"]
[PlyCount "80"]
[EventDate "2019.12.13"]
[EventType "swiss"]
[EventCountry "ESP"]
[SourceTitle "playchess.com"]
[Source "ChessBase"]
[SourceQuality "1"]
[TimeControl "40/5400+30:1800+30"]

1. e4 e5 2. Nf3 Nc6 3. Bb5 a6 4. Ba4 Nf6 5. Bxc6 dxc6 6. d3 Bd6 7. Nbd2 Nd7 8. Nc4 O-O 9. O-O Re8 10. b3 c5 11. Bb2 f6 12. Nfd2 Bf8 13. a4 Nb8 14. f4 exf4 15. Rxf4 Nc6 16. Qh5 g6 17. Qd1 Nd4 18. Qf1 Bg7 19. c3 Nc6 20. Re1 f5 21. Ne3 Ne7 22. d4 cxd4 23. cxd4 Be6 24. Ba1 fxe4 25. Rxe4 Qd7 26. Nec4 Bd5 27. Ne5 Qd8 28. Rf4 Rf8 29. Ne4 Rxf4 30. Qxf4 Qf8 31. Qg3 Nf5 32. Qh3 Qb4 33. Bc3 Qxb3 34. Ng5 Bh6 35. g4 Bxg5 36. gxf5 Qc2 37. fxg6 hxg6 38. Nf7 Bxf7 39. d5 Bh4 40. Ba1 Qf2+ 0-1

[Event "VI Sunway Sitges Open 2019"]
[Site "Sitges"]
[Date "2019.12.17"]
[Round "5.25"]
[White "Peralta, Fernando"]
[Black "Kjartansson, Gudmundur"]
[Result "1-0"]
[ECO "D48"]
[WhiteElo "2577"]
[BlackElo "2448"]
[Annotator "ChessBase"]
[PlyCount "119"]
[EventDate "2019.12.13"]
[EventType "swiss"]
[EventCountry "ESP"]
[SourceTitle "playchess.com"]
[Source "ChessBase"]
[SourceQuality "1"]
[TimeControl "40/5400+30:1800+30"]

1. d4 d5 2. c4 e6 3. Nc3 c6 4. e3 Nf6 5. Nf3 Nbd7 6. Bd3 dxc4 7. Bxc4 b5 8. Bd3 a6 9. a4 b4 10. Nb1 c5 11. O-O Bb7 12. Nbd2 Be7 13. Qe2 Qc7 14. Rd1 O-O 15. Nc4 Be4 16. Bd2 Rfd8 17. Bxe4 Nxe4 18. Be1 Rac8 19. Rac1 Qc6 20. Nfe5 Nxe5 21. dxe5 f5 22. exf6 Bxf6 23. f3 Nd6 24. Nxd6 Rxd6 25. Rxd6 Qxd6 26. Bxb4 Qd7 27. Bxc5 Qxa4 28. b4 Rd8 29. h3 Kf7 30. f4 Qc6 31. Kh2 Kg8 32. Rc2 Qe4 33. Qc4 Qxc4 34. Rxc4 Rc8 35. Rc2 a5 36. bxa5 Be7 37. a6 Bxc5 38. a7 Ra8 39. Rxc5 Rxa7 40. g4 h6 41. Kg3 Kf7 42. h4 g6 43. h5 gxh5 44. Rxh5 Kg6 45. Re5 Kf6 46. Rh5 Kg6 47. Rb5 Ra6 48. Kf3 Ra4 49. Rb6 Kf7 50. f5 h5 51. Rxe6 Rxg4 52. Rh6 Rh4 53. e4 Kg7 54. Rg6+ Kf7 55. e5 Ra4 56. e6+ Ke7 57. Rg7+ Kd6 58. Rd7+ Ke5 59. e7 Rf4+ 60. Kg2 {[%emt 0:00:21] Kd5} 1-0

[Event "VI Sunway Sitges Open 2019"]
[Site "Sitges"]
[Date "2019.12.17"]
[Round "5.26"]
[White "Sardana, Rishi"]
[Black "Lopez Martinez, Josep Manuel"]
[Result "1/2-1/2"]
[ECO "B50"]
[WhiteElo "2428"]
[BlackElo "2561"]
[Annotator "ChessBase"]
[PlyCount "106"]
[EventDate "2019.12.13"]
[EventType "swiss"]
[EventCountry "ESP"]
[SourceTitle "playchess.com"]
[Source "ChessBase"]
[SourceQuality "1"]
[TimeControl "40/5400+30:1800+30"]

1. e4 c5 2. Nf3 e6 3. g3 Nc6 4. Bg2 Nf6 5. Nc3 d6 6. O-O e5 7. d3 Be7 8. Nd2 Bg4 9. f3 Be6 10. f4 Bg4 11. Nf3 Nd4 12. f5 h6 13. h3 Bxf3 14. Bxf3 Qd7 15. Bg2 O-O-O 16. g4 Kb8 17. Nd5 Nxd5 18. exd5 Nb5 19. Qe1 Bg5 20. Bxg5 hxg5 21. f6 Rdg8 22. Qe3 gxf6 23. Rxf6 Nc7 24. Raf1 Rg7 25. a3 Ne8 26. R6f5 f6 27. c4 Qa4 28. Qd2 Qb3 29. R5f3 Qb6 30. Re3 a5 31. Be4 Qa6 32. Kg2 a4 33. Ref3 Rf8 34. Bf5 Rff7 35. Be6 Re7 36. Qe1 b5 37. Qe4 Rb7 38. R1f2 b4 39. Bf5 bxa3 40. bxa3 Rb3 41. Bg6 Nc7 42. Ra2 Qb6 43. Rxf6 Rxa3 44. Rxa3 Qb2+ 45. Kg3 Qxa3 46. Rxd6 Qc1 47. Bf5 a3 48. Rd8+ Ka7 49. d6 a2 50. dxc7 Qg1+ 51. Kf3 Qf1+ 52. Kg3 Qg1+ 53. Kf3 Qf1+ 1/2-1/2

[Event "VI Sunway Sitges Open 2019"]
[Site "Sitges"]
[Date "2019.12.17"]
[Round "5.27"]
[White "Dragnev, Valentin"]
[Black "Batsiashvili, Nino"]
[Result "1/2-1/2"]
[ECO "E15"]
[WhiteElo "2553"]
[BlackElo "2447"]
[Annotator "ChessBase"]
[PlyCount "66"]
[EventDate "2019.12.13"]
[EventType "swiss"]
[EventCountry "ESP"]
[SourceTitle "playchess.com"]
[Source "ChessBase"]
[SourceQuality "1"]
[TimeControl "40/5400+30:1800+30"]

1. d4 Nf6 2. c4 e6 3. Nf3 b6 4. g3 Bb4+ 5. Bd2 Bxd2+ 6. Qxd2 Ba6 7. b3 O-O 8. Bg2 d5 9. cxd5 exd5 10. O-O c5 11. dxc5 bxc5 12. Nc3 Nc6 13. Nh4 Re8 14. Rfe1 Rc8 15. Rac1 d4 16. Na4 c4 17. Nc5 c3 18. Qd1 Qb6 19. Nxa6 Qxa6 20. Bxc6 Rxc6 21. Qxd4 c2 22. e4 Qa5 23. e5 Nd5 24. Nf5 g6 25. Nh6+ Kg7 26. Ng4 Ree6 27. Re2 h5 28. Ne3 Nxe3 29. Qxe3 Qxa2 30. Qd3 Qb2 31. Rcxc2 Rxc2 32. Qxc2 Qxc2 33. Rxc2 Rxe5 1/2-1/2

[Event "VI Sunway Sitges Open 2019"]
[Site "Sitges"]
[Date "2019.12.17"]
[Round "5.28"]
[White "Shevchenko, Kirill"]
[Black "Kirk, Ezra"]
[Result "1-0"]
[ECO "C11"]
[WhiteElo "2547"]
[BlackElo "2433"]
[Annotator "ChessBase"]
[PlyCount "91"]
[EventDate "2019.12.13"]
[EventType "swiss"]
[EventCountry "ESP"]
[SourceTitle "playchess.com"]
[Source "ChessBase"]
[SourceQuality "1"]
[TimeControl "40/5400+30:1800+30"]

1. e4 e6 2. d4 d5 3. Nc3 Nf6 4. e5 Nfd7 5. f4 c5 6. Nf3 Nc6 7. Be3 Be7 8. Qd2 O-O 9. dxc5 Bxc5 10. O-O-O Qa5 11. a3 Be7 12. Kb1 a6 13. Nd4 Qc7 14. h4 b5 15. Nxc6 Qxc6 16. Ne2 Nc5 17. Nd4 Qc7 18. Qc3 Qb7 19. Nf5 exf5 20. Bxc5 Bxc5 21. Qxc5 Be6 22. Rh3 d4 23. Qxd4 a5 24. Qf2 b4 25. Rd6 Rfb8 26. Qd4 Qc7 27. a4 b3 28. cxb3 Bxb3 29. Rc3 Qb7 30. Bb5 Be6 31. Rcc6 h6 32. g3 Rc8 33. Qb6 Qe7 34. h5 Rcb8 35. Rc7 Qf8 36. Qc5 Rc8 37. Rdc6 Qxc5 38. Rxc5 Rd8 39. Kc2 Rd4 40. Bc4 Kh7 41. Bxe6 fxe6 42. Rc4 Rd5 43. Rc8 Ra7 44. R4c7 Ra6 45. Rc6 Ra7 46. Rd6 1-0

[Event "VI Sunway Sitges Open 2019"]
[Site "Sitges"]
[Date "2019.12.17"]
[Round "5.29"]
[White "Harutyunian, Tigran K."]
[Black "Bryakin, Mikhail"]
[Result "1/2-1/2"]
[ECO "D15"]
[WhiteElo "2540"]
[BlackElo "2428"]
[Annotator "ChessBase"]
[PlyCount "80"]
[EventDate "2019.12.13"]
[EventType "swiss"]
[EventCountry "ESP"]
[SourceTitle "playchess.com"]
[Source "ChessBase"]
[SourceQuality "1"]
[TimeControl "40/5400+30:1800+30"]

1. c4 c6 2. Nf3 d5 3. d4 Nf6 4. Nc3 a6 5. c5 Nbd7 6. Bf4 Nh5 7. Bd2 g6 8. e4 dxe4 9. Nxe4 Nhf6 10. Nxf6+ Nxf6 11. Bc4 Bg7 12. O-O O-O 13. Qb3 Nd5 14. Rfe1 e6 15. Bg5 f6 16. Bh4 Re8 17. Bg3 a5 18. a4 Bh6 19. Re2 Kf7 20. Rae1 Ra7 21. Nd2 Bxd2 22. Rxd2 b6 23. Bd6 bxc5 24. dxc5 Kg7 25. h4 Rb7 26. Qf3 Rb4 27. b3 Bd7 28. h5 Qc8 29. Rd4 e5 30. Rh4 Bf5 31. hxg6 Bxg6 32. Qg3 Qf5 33. Rhe4 Nf4 34. Qh4 h5 35. R4e3 Bf7 36. Qg3+ Qg4 37. Bf1 Nd5 38. Be2 Qxg3 39. Rxg3+ Kh6 40. Bc4 Be6 1/2-1/2

[Event "VI Sunway Sitges Open 2019"]
[Site "Sitges"]
[Date "2019.12.17"]
[Round "5.30"]
[White "Low, Zhen Yu Cyrus"]
[Black "Stefansson, Hannes"]
[Result "1/2-1/2"]
[ECO "B45"]
[WhiteElo "2420"]
[BlackElo "2538"]
[Annotator "ChessBase"]
[PlyCount "51"]
[EventDate "2019.12.13"]
[EventType "swiss"]
[EventCountry "ESP"]
[SourceTitle "playchess.com"]
[Source "ChessBase"]
[SourceQuality "1"]
[TimeControl "40/5400+30:1800+30"]

1. e4 c5 2. Nf3 Nc6 3. d4 cxd4 4. Nxd4 e6 5. g3 d5 6. Nc3 Nf6 7. Bg2 dxe4 8. Nxc6 Qxd1+ 9. Kxd1 bxc6 10. Nxe4 Nxe4 11. Bxe4 Bb7 12. Be3 O-O-O+ 13. Kc1 Be7 14. c3 c5 15. Bxb7+ Kxb7 16. Kc2 Kc6 17. Rhd1 a5 18. a4 Rd5 19. c4 Rxd1 20. Rxd1 Bf6 21. Bd2 Rb8 22. Rb1 Kb6 23. Be3 Kc6 24. Bd2 Kb6 25. Be3 Kc6 26. Bd2 1/2-1/2

[Event "VI Sunway Sitges Open 2019"]
[Site "Sitges"]
[Date "2019.12.17"]
[Round "5.32"]
[White "Sindarov, Javokhir"]
[Black "Alexiadis, Hristos"]
[Result "1/2-1/2"]
[ECO "B91"]
[WhiteElo "2526"]
[BlackElo "2346"]
[Annotator "ChessBase"]
[PlyCount "76"]
[EventDate "2019.12.13"]
[EventType "swiss"]
[EventCountry "ESP"]
[SourceTitle "playchess.com"]
[Source "ChessBase"]
[SourceQuality "1"]
[TimeControl "40/5400+30:1800+30"]

1. e4 c5 2. Nc3 d6 3. Nge2 a6 4. g3 g6 5. Bg2 Bg7 6. d4 cxd4 7. Nxd4 Nf6 8. O-O O-O 9. Re1 Bd7 10. Nd5 Nc6 11. Nb3 Ne5 12. Nd4 Nc6 13. Be3 Nxd4 14. Bxd4 Bc6 15. Nxf6+ Bxf6 16. Bxf6 exf6 17. c4 a5 18. Qd4 Qe7 19. Rad1 Rad8 20. Qc3 a4 21. b4 axb3 22. axb3 Rfe8 23. b4 b5 24. Bf1 bxc4 25. Bxc4 Bxe4 26. Bb5 Rf8 27. Qd4 f5 28. Bc6 Qe5 29. Bxe4 Qxd4 30. Rxd4 fxe4 31. Rexe4 Rd7 32. Kg2 Kg7 33. Kf3 d5 34. Re2 Rb8 35. Rc2 Rdb7 36. Rc5 Rxb4 37. Rxb4 Rxb4 38. Rxd5 h5 {[%emt 0:00:10] Ke4} 1/2-1/2

[Event "VI Sunway Sitges Open 2019"]
[Site "Sitges"]
[Date "2019.12.17"]
[Round "5.33"]
[White "Harsha Bharathakoti"]
[Black "Ajay Krishna, S."]
[Result "1-0"]
[ECO "B53"]
[WhiteElo "2523"]
[BlackElo "2302"]
[Annotator "ChessBase"]
[PlyCount "129"]
[EventDate "2019.12.13"]
[EventType "swiss"]
[EventCountry "ESP"]
[SourceTitle "playchess.com"]
[Source "ChessBase"]
[SourceQuality "1"]
[TimeControl "40/5400+30:1800+30"]

1. e4 c5 2. Nf3 d6 3. d4 cxd4 4. Qxd4 Nc6 5. Bb5 Bd7 6. Bxc6 Bxc6 7. Nc3 Nf6 8. Bg5 e6 9. O-O-O Be7 10. Rhe1 O-O 11. Qd3 Qa5 12. Bh4 Qh5 13. h3 Rfe8 14. Qe3 Qc5 15. Qxc5 dxc5 16. Ne5 Rac8 17. Nxc6 Rxc6 18. e5 Nd5 19. Bxe7 Rxe7 20. Nxd5 exd5 21. Rxd5 f6 22. Kd2 Kf7 23. Kc3 b6 24. Kc4 fxe5 25. Rexe5 Rf6 26. Rxe7+ Kxe7 27. Rd2 Rf4+ 28. Kd5 Rf6 29. Re2+ Kd7 30. c3 Rd6+ 31. Kc4 Kc6 32. a4 a6 33. f4 Rf6 34. Re4 Rd6 35. Re2 Rf6 36. g3 h5 37. h4 b5+ 38. axb5+ axb5+ 39. Kd3 Rd6+ 40. Ke4 Re6+ 41. Kf3 Rd6 42. f5 Rd1 43. Kf4 Rg1 44. Re3 Rg2 45. Kg5 Rxb2 46. Kxh5 Rb3 47. g4 Kd7 48. Kg6 b4 49. Kxg7 Rxc3 50. Re1 b3 51. f6 c4 52. f7 Rf3 53. h5 c3 54. h6 c2 55. h7 b2 56. h8=Q c1=Q 57. Qe8+ Kc7 58. Qe7+ Kc6 59. Re6+ Kd5 60. Qd7+ Kc4 61. Rc6+ Kb3 62. Qd5+ Ka4 63. Ra6+ Kb4 64. Rb6+ Ka4 65. Qa8# 1-0

[Event "VI Sunway Sitges Open 2019"]
[Site "Sitges"]
[Date "2019.12.17"]
[Round "5.34"]
[White "Dhulipalla Bala Chandra Prasad"]
[Black "Narciso Dublan, Marc"]
[Result "1/2-1/2"]
[ECO "E00"]
[WhiteElo "2414"]
[BlackElo "2516"]
[Annotator "ChessBase"]
[PlyCount "78"]
[EventDate "2019.12.13"]
[EventType "swiss"]
[EventCountry "ESP"]
[SourceTitle "playchess.com"]
[Source "ChessBase"]
[SourceQuality "1"]
[TimeControl "40/5400+30:1800+30"]

1. d4 Nf6 2. c4 e6 3. g3 Bb4+ 4. Bd2 c5 5. Bxb4 cxb4 6. Bg2 O-O 7. e4 d6 8. Ne2 e5 9. O-O a5 10. a3 Ra6 11. axb4 axb4 12. Nd2 Bg4 13. f3 Bd7 14. Kh1 Nc6 15. Nb3 Rxa1 16. Qxa1 Qb6 17. d5 Nb8 18. Qa5 Qe3 19. Nec1 Na6 20. c5 dxc5 21. Qb6 h5 22. Na5 h4 23. gxh4 Nh5 24. Qxb7 Nb8 25. Nc4 Qd4 26. Nb6 Bb5 27. Rg1 Nf4 28. Nc8 Ba6 29. Ne7+ Kh8 30. Qc7 Nxg2 31. Nf5 Qxb2 32. Qe7 Rg8 33. Qg5 Nf4 34. Nxg7 Kh7 35. Qf5+ Kh8 36. Qf6 Kh7 37. Qxf7 Kh8 38. Qf6 Kh7 39. Qf5+ Kh8 1/2-1/2

[Event "VI Sunway Sitges Open 2019"]
[Site "Sitges"]
[Date "2019.12.17"]
[Round "5.35"]
[White "Krishnater Kushager"]
[Black "Karthikeyan, Murali"]
[Result "0-1"]
[ECO "E11"]
[WhiteElo "2308"]
[BlackElo "2611"]
[Annotator "ChessBase"]
[PlyCount "68"]
[EventDate "2019.12.13"]
[EventType "swiss"]
[EventCountry "ESP"]
[SourceTitle "playchess.com"]
[Source "ChessBase"]
[SourceQuality "1"]
[TimeControl "40/5400+30:1800+30"]

1. d4 Nf6 2. c4 e6 3. Nf3 Nc6 4. g3 Bb4+ 5. Bd2 Qe7 6. Bg2 Bxd2+ 7. Nbxd2 d6 8. O-O O-O 9. Qc2 a5 10. Qc3 e5 11. d5 Nb8 12. e4 Nbd7 13. Ne1 Nc5 14. Nc2 c6 15. b3 cxd5 16. exd5 Bf5 17. a3 b5 18. cxb5 Bd3 19. a4 Bxf1 20. Rxf1 Qc7 21. Nc4 Nfd7 22. N2e3 f5 23. f4 Ne4 24. Qc2 Qc5 25. Kh1 exf4 26. Nxf5 Rxf5 27. Qxe4 Rf6 28. gxf4 Qb4 29. Qe7 Nc5 30. Rg1 Raf8 31. Bh3 g6 32. Nxd6 Qxb3 33. Ne8 R6f7 34. Qxc5 Qxh3 0-1

[Event "VI Sunway Sitges Open 2019"]
[Site "Sitges"]
[Date "2019.12.17"]
[Round "5.37"]
[White "Manu David Suthandram R"]
[Black "Adly, Ahmed"]
[Result "1/2-1/2"]
[ECO "B00"]
[WhiteElo "2369"]
[BlackElo "2607"]
[Annotator "ChessBase"]
[PlyCount "117"]
[EventDate "2019.12.13"]
[EventType "swiss"]
[EventCountry "ESP"]
[SourceTitle "playchess.com"]
[Source "ChessBase"]
[SourceQuality "1"]
[TimeControl "40/5400+30:1800+30"]

1. e4 b6 2. Nc3 Bb7 3. d4 e6 4. Bd3 g6 5. Nf3 d6 6. Bg5 Qc8 7. h4 h6 8. Bf4 Nd7 9. Qe2 a6 10. Nd1 Bg7 11. Ne3 Ne7 12. Nc4 Qb8 13. c3 Nc6 14. Bg3 Qd8 15. Ne3 Qe7 16. Bc2 Nd8 17. h5 g5 18. O-O-O Nc6 19. Bd3 b5 20. Rhe1 b4 21. Qc2 bxc3 22. Nf5 exf5 23. exf5 cxb2+ 24. Kb1 Kd8 25. Rxe7 Nxe7 26. Bc4 Nd5 27. Ne5 Rf8 28. Bxd5 Bxd5 29. Nc6+ Bxc6 30. Qxc6 Rb8 31. Rd2 Re8 32. f3 Rb6 33. Qc4 Nf6 34. Rxb2 Rxb2+ 35. Kxb2 Nxh5 36. Bh2 Re1 37. g4 Rh1 38. gxh5 Rxh2+ 39. Kb3 Rf2 40. Qxf7 Bxd4 41. Kc4 Be5 42. Qg8+ Kd7 43. Qe6+ Kc6 44. Qe8+ Kb7 45. Kd5 Rxf3 46. Qc6+ Kb8 47. Ke6 g4 48. Kd7 d5 49. Qe6 Bd6 50. Qxd5 Rf4 51. a3 Ka7 52. f6 g3 53. f7 g2 54. Qxg2 Rxf7+ 55. Kc6 Rf5 56. Qg6 Rc5+ 57. Kd7 Bf4 58. Qg1 Kb6 59. Qd4 1/2-1/2